 Dungeon Sprint DCSS version 0.30.1-11-g7821555f0a (webtiles) character file.

Game seed: 1781384318216004577

1500000 Groucho the Imperceptible (level 13, -17/57 HPs)
             Began as a Spriggan Warper on Dec 17, 2023.
             Was a Believer of Makhleb.
             Demolished by a meat berserker
             ... wielding a +9 battleaxe
              (74 damage)
             ... in the Dungeon (Sprint VIII: "Arena of Blood").
             The game lasted 00:00:56 (15 turns).

Groucho the Imperceptible (Spriggan Warper)           Turns: 15, Time: 00:00:57

Health: -17/57     AC:  2    Str:  7    XL:     13   Next: 40%
Magic:  6/37       EV: 30    Int: 20    God:    Makhleb [**....]
Gold:   0          SH:  0    Dex: 14    Spells: 51/51 levels left

rFire   . . .        j - +∞ Axe of Woe
rCold   . . .        (shield currently unavailable)
rNeg    . . .        b - +0 robe
rPois   .            (helmet restricted)
rElec   .            (no cloak)
rCorr   .            (gloves unavailable)
SInv    +            (boots unavailable)
Will    ++...        (no amulet)
Stlth   +++++++++    (no ring)
HPRegen 0.29/turn    (no ring)
MPRegen 0.25/turn

%: no teleportation
@: very quick
A: very small, no large weapons, unfitting armour, see invisible, speed 3
a: Renounce Religion, Minor Destruction


You were in the Dungeon.
You worshipped Makhleb.
Makhleb was pleased with you.
You visited 1 branch

Inventory:

Hand Weapons
 a - a +0 hand axe
 j - the +∞ Axe of Woe (weapon)
   (You found it in the Dungeon)
Missiles
 d - 7 boomerangs of dispersal (quivered)
Armour
 b - a +0 robe (worn)
Scrolls
 c - 2 scrolls of blinking
Potions
 e - a potion of curing
 f - a potion of heal wounds
 g - a potion of haste
 h - 2 potions of magic
 i - a potion of berserk rage


   Skills:
 - Level 1.5 Fighting
 + Level 14.2 Axes
 - Level 1.0 Throwing
 + Level 21.2 Dodging
 + Level 24.4 Stealth
 + Level 19.6 Spellcasting
 + Level 23.0 Translocations


You had 51 spell levels left.
You didn't know any spells.
Your spell library contained the following spells:

 Spells                   Type           Power      Damage    Failure   Level
 Blink                    Tloc           100%       N/A       0%          2
 Lesser Beckoning         Tloc           100%       N/A       0%          2
 Teleport Other           Tloc           84%        N/A       0%          3
 Manifold Assault         Tloc           84%        N/A       0%          4
 Vhi's Electric Charge    Tloc/Air       100%       N/A       1%          3


Dungeon Overview and Level Annotations

Branches:
Dungeon (1/1)

Altars:
Makhleb


Innate Abilities, Weirdness & Mutations

You are very small and have problems with some larger weapons.
You are too small for most types of armour.
You have supernaturally acute eyesight. (SInv)
You cover ground extremely quickly. (Speed+++)


Message History

Your Translocations skill gained 2 levels and is now at level 22!
You have reached level 13!
You slash the bag of meat!
You butcher the bag of meat messily.
You kill the bag of meat!
Makhleb accepts your kill.
You can now harness Makhleb's destructive might.
You hear a shout! x10
A bag of meat comes into view. It is wielding a +9 war axe.
You hear a shout!
Your Axes skill increases to level 14!
Your Dodging skill increases to level 21!
Your Stealth skill increases to level 24!
Your Spellcasting skill increases to level 19!
Your Translocations skill increases to level 23!
Unknown command.
Press < or > to pray at altars.
Unknown command.
Press < or > to pray at altars.
Unknown command.
Press < or > to pray at altars.
Unknown command.
Press < or > to pray at altars.
Unknown command.
Press < or > to pray at altars.
Unknown command.
Press < or > to pray at altars.
Unknown command.
Press < or > to pray at altars.
Memorise Manifold Assault, consuming 4 spell levels and leaving 47?
You hear a shout! x15
You start memorising the spell.
You continue memorising.
You hear a shout! x11
The meat berserker completely misses you.
You hear a shout! x3
You continue memorising.
You hear a shout! x13
The meat berserker hits you with a +9 battleaxe!!!!
Your memorisation is interrupted.
Ouch! That really hurt!
You die...

.. ..... #.
...# #.. ...# .
.###.. ...###..
......###......
......_.....
#....)# #_.<)@#
#....O#
......_.....
......###......
.###.. ...###..
#.. ...# . #.
...# .. .....


You could see a meat berserker (berserk).

Vanquished Creatures
  5 orcs (D)
5 creatures vanquished.

Notes
Turn   | Place    | Note
-------+----------+-------------------------------------------
     0 | D        | Found the +∞ Axe of Woe
     0 | D        | Groucho the Spriggan Warper began the quest for the Orb.
     0 | D        | Reached XP level 1. HP: 10/10 MP: 5/5
     2 | D        | Noticed a bag of meat
     4 | D        | Became a worshipper of Makhleb the Destroyer
     4 | D        | Noticed a bag of meat
     6 | D        | Noticed a bag of meat
     6 | D        | Noticed a bag of meat
     7 | D        | Noticed a bag of meat
     9 | D        | Killed a bag of meat
    10 | D        | Reached skill level 10 in Axes
    10 | D        | Reached skill level 15 in Dodging
    10 | D        | Reached skill level 17 in Stealth
    10 | D        | Reached XP level 2. HP: 13/14 MP: 5/18
    10 | D        | Reached XP level 3. HP: 17/18 MP: 5/19
    10 | D        | Reached XP level 4. HP: 21/22 MP: 5/21
    10 | D        | Reached XP level 5. HP: 24/25 MP: 5/22
    10 | D        | Reached XP level 6. HP: 29/30 MP: 5/24
    10 | D        | Reached XP level 7. HP: 32/33 MP: 5/25
    10 | D        | Reached XP level 8. HP: 36/37 MP: 5/27
    10 | D        | Reached XP level 9. HP: 40/41 MP: 5/28
    10 | D        | Reached XP level 10. HP: 45/46 MP: 5/29
    10 | D        | Killed a bag of meat
    10 | D        | Reached * piety under Makhleb
    10 | D        | Killed a bag of meat
    11 | D        | Reached skill level 22 in Stealth
    11 | D        | Reached XP level 11. HP: 48/49 MP: 5/33
    11 | D        | Reached XP level 12. HP: 52/53 MP: 5/34
    11 | D        | Killed a bag of meat
    12 | D        | Reached skill level 23 in Stealth
    12 | D        | Reached XP level 13. HP: 57/57 MP: 5/36
    12 | D        | Killed a bag of meat
    12 | D        | Reached ** piety under Makhleb
    12 | D        | Noticed a bag of meat
    13 | D        | Reached skill level 24 in Stealth
    13 | D        | Noticed a meat berserker
    15 | D        | Demolished by a meat berserker

Illustrated notes

Levels and vault maps discovered:
D:        meatsprint

Skill      XL: |  1  2  3  4  5  6  7  8  9 10 11 12 13 |
---------------+----------------------------------------+-----
Axes           | 10 12 13 14 | 14.2
Dodging        | 15 19 20 21 | 21.2
Stealth        | 17 22 23 24 | 24.4
Spellcasting   | 14 17 18 19 | 19.6
Translocations | 17 20 22 23 | 23.0
Fighting       | |  1.5
Throwing       | |  1.0

Action                     |  1- 3 |  4- 6 |  7- 9 | 10-12 | 13-15 || total
---------------------------+-------+-------+-------+-------+-------++-------
  Melee: Broad axe         |     1 |       |       |     2 |     1 ||     4
  Dodge: Dodged            |       |       |       |       |     1 ||     1
